 Dungeon Crawl Stone Soup version 0.27-a0-597-g524d869a0f (webtiles) character file.

Game seed: 832314873433722811

2319 siradein the Blocker (level 9, -9/94 HPs)
             Began as a Hill Orc Fighter on Mar 11, 2021.
             Was a Priest of Beogh.
             Mangled by Pikel
             ... wielding a +1 whip of electrocution
              (19 damage)
             ... on level 6 of the Dungeon.
             The game lasted 00:30:29 (10405 turns).

siradein the Blocker (Hill Orc Fighter)            Turns: 10405, Time: 00:30:30

Health: -9/94      AC: 13    Str: 17    XL:     9   Next: 41%
Magic:  9/9        EV:  4    Int: 12    God:    Beogh [***...]
Gold:   291        SH: 12    Dex: 21    Spells: 8/8 levels left

rFire    . . .     SeeInvis +   a - +0 long sword
rCold    x . .     Faith    .   c - +0 kite shield
rNeg     + . .     Spirit   .   h - +0 plate armour
rPois    +         Reflect  .   (no helmet)
rElec    .         Harm     .   B - +0 cloak
rCorr    .         Rampage  .   g - +0 pair of gloves of Happiness {rPois Int+4}
Will     +....                  (no boots)
Stlth    ..........             (no amulet)
HPRegen  0.25/turn              D - +6 ring of dexterity
MPRegen  0.11/turn              G - ring of the Twelve Beasts {rPois rC- rN+ Will+ SInv}

@: berserking, very quick
A: claws 1, agile 1, frail 1, weak 1
a: Renounce Religion, Smiting


You were on level 6 of the Dungeon.
You worshipped Beogh.
Beogh was most pleased with you.
You visited 1 branch of the dungeon, and saw 7 of its levels.
You also visited: Ossuary.

You collected 291 gold pieces.

Inventory:

Hand Weapons
 a - a +0 long sword (weapon)
Missiles
 e - 32 poisoned darts (quivered)
 w - 3 curare-tipped darts
Armour
 c - a +0 kite shield (worn)
 g - the +0 pair of gloves of Happiness (worn) {rPois Int+4}
   (You found it on level 5 of the Dungeon)

   It affects your intelligence (+4).
   It protects you from poison.
 h - a +0 plate armour (worn)
 B - a +0 cloak (worn)
Jewellery
 D - a +6 ring of dexterity (right hand)
 G - the ring of the Twelve Beasts (left hand) {rPois rC- rN+ Will+ SInv}
   (You found it on level 7 of the Dungeon)

   [ring of positive energy]

   It makes you vulnerable to cold.
   It protects you from poison.
   It protects you from negative energy.
   It affects your willpower, your defense against some magical effects.
   It lets you see invisible.
Wands
 i - a wand of acid (9)
 q - a wand of mindburst (18)
Scrolls
 b - a scroll of magic mapping {unknown}
 f - 2 scrolls of immolation {unknown}
 j - 4 scrolls of fog {unknown}
 k - 8 scrolls of teleportation {unknown}
 m - 2 scrolls of enchant armour {unknown}
 o - 2 scrolls of amnesia {unknown}
 u - a scroll of blinking {unknown}
 v - a scroll of noise {unknown}
 y - a scroll of enchant weapon {unknown}
 H - a scroll of brand weapon {unknown}
Potions
 d - a potion of might
 l - 3 potions of invisibility
 n - a potion of haste
 p - 2 potions of brilliance
 s - a potion of resistance
 t - a potion of ambrosia
 z - a potion of curing
 A - 4 potions of heal wounds
 C - a potion of magic
 E - a potion of flight
 F - a potion of lignification {unknown}


   Skills:
 - Level 3.6 Fighting
 + Level 9.7 Long Blades
 - Level 3.2 Armour
 + Level 10.1 Shields


You had 8 spell levels left.
You didn't know any spells.
Your spell library contained the following spells:

 Spells                   Type           Power      Damage    Failure   Level
 Magic Dart               Conj           0%         1d3       100%        1
 Searing Ray              Conj           0%         3d3       100%        2
 Dazzling Flash           Conj/Hex       0%         N/A       100%        3
 Fulminant Prism          Conj/Hex       0%         3d6       100%        4
 Iskenderun's Mystic Bla  Conj/Tloc      0%         2d3       100%        4


Dungeon Overview and Level Annotations

Branches:
Dungeon (7/15)             Temple (0/1) D:6         Ossuary (visited)

Altars:
Kikubaaqudgha
Okawaru
Qazlal
Ru
Vehumet

Shops:
D:6 :

Annotations:
D:6 Pikel


Innate Abilities, Weirdness & Mutations

You have sharp fingernails.
You are agile. (Dex +2)
You are frail. (-10% HP)
You are weak. (Str -2)


Message History

Pikel says, "All the demons know me.
They respect me."
You see here 2 potions of degeneration.
There is a stone staircase leading up here.
Pikel says, "I'm sure they'll be treated well, anyway."
You block Pikel's attack.
You climb upwards.
There is a stone staircase leading down here.
Pikel checks his coin pouch and frowns.
Pikel hits you with a +1 whip of electrocution.
A red film seems to cover your vision as you go berserk!
You feel yourself moving faster!
You feel mighty!
Pikel cracks his whip.
Pikel hits you but does no damage.
You are electrocuted!
You closely miss Pikel.
Pikel is lightly wounded.
You hit Pikel.
Pikel is moderately wounded.
Pikel says, "I'm sure they'll be treated well, anyway."
Pikel hits you but does no damage.
You hit Pikel but do no damage.
Pikel is moderately wounded.
Pikel hits you but does no damage.
You hit Pikel but do no damage.
Pikel is moderately wounded.
You barely miss Pikel.
Pikel is moderately wounded.
You block Pikel's attack.
You slash Pikel!
Pikel is heavily wounded.
Pikel hits you with a +1 whip of electrocution.
You are electrocuted!!
* * * LOW HITPOINT WARNING * * *
You barely miss Pikel.
Pikel is heavily wounded.
You closely miss Pikel.
Pikel is heavily wounded.
Pikel hits you with a +1 whip of electrocution.
* * * LOW HITPOINT WARNING * * *
You are electrocuted!!
You die...

#..........................# #.#
.........................>.####.#
..#.##..#..##.#.###....##........
..#.##..#..##.#.# #....##........
.....#..#..##.#.###....##..####.#
..#........................# #.#
.....#..#..##...##.....##..# #.#
#...(#.....................####.#
................@K..............#
...........##...###..#.##..######
.....#.....................#
#..........##..<###..#.##..#
...............## #..#.##..#
#....#..##.##..####..#.##..#
#.......##.............##..#
..#............#############
#.#......#####.............# ##


You could see Pikel.

Vanquished Creatures
  Grinder (D:3)
  A sky beast (D:6)
  A necrophage (D:5)
  2 centaurs (D:6)
  2 lemures (D:7)
  2 elf zombies (Ossuary)
  A phantom (D:6)
  2 bullfrogs
  4 scorpions
  3 wights (D:6)
  A bullfrog zombie (D:5)
  2 centaur zombies (Ossuary)
  6 hounds
  Crazy Yiuf (D:3)
  2 bullfrog skeletons
  2 orc priests
  A jelly (D:4)
  Ijyb (D:3)
  Terence (D:2)
  Jessica (D:2)
  3 iguanas
  5 orc wizards (D:4)
  2 worker ants (D:6)
  A hound zombie (D:6)
  2 mummies (Ossuary)
  9 adders
  4 gnolls
  A howler monkey skeleton (D:5)
  A shadow imp (D:5)
  3 adder zombies (Ossuary)
  3 worms (D:4)
  4 dart slugs
  4 leopard geckos
  24 orcs
  3 ball pythons
  4 giant cockroaches
  4 goblins
  7 hobgoblins
  10 jackals
  2 quokkas
  5 bats
  4 frilled lizards
  A goblin zombie (Ossuary)
  7 hobgoblin zombies (Ossuary)
  2 jackal skeletons
  A jackal zombie (D:6)
  8 kobolds
  11 kobold zombies (Ossuary)
  8 orc zombies (Ossuary)
  A quokka skeleton (D:7)
  8 rats
  3 rat zombies (Ossuary)
192 creatures vanquished.

Vanquished Creatures (others)
  An iguana (D:4)
  An orc (D:4)
2 creatures vanquished.

Grand Total: 194 creatures vanquished

Notes
Turn   | Place    | Note
-------+----------+-------------------------------------------
     0 | D:1      | siradein the Hill Orc Fighter began the quest for the Orb.
     0 | D:1      | Reached XP level 1. HP: 19/19 MP: 1/1
    30 | D:1      | Reached XP level 2. HP: 21/26 MP: 2/2
   407 | D:1      | Reached XP level 3. HP: 31/31 MP: 3/3
   544 | D:1      | Reached skill level 4 in Shields
  1174 | D:2      | Noticed Terence
  1188 | D:2      | Killed Terence
  1189 | D:2      | Reached XP level 4. HP: 33/39 MP: 4/4
  1809 | D:2      | Reached XP level 5. HP: 45/45 MP: 5/5
  1888 | D:2      | Noticed Jessica
  1896 | D:2      | Killed Jessica
  1897 | D:2      | Reached skill level 5 in Shields
  2213 | D:3      | Noticed Grinder
  2217 | D:3      | Paralysed by Grinder for 4 turns
  2403 | D:3      | Paralysed by Grinder for 3 turns
  2736 | D:3      | Paralysed by Grinder for 5 turns
  2776 | D:3      | Paralysed by Grinder for 4 turns
  2972 | D:3      | Paralysed by Grinder for 4 turns
  3384 | D:4      | Reached XP level 6. HP: 40/51 MP: 6/6
  3508 | D:4      | Reached skill level 5 in Long Blades
  3951 | D:4      | Reached skill level 6 in Shields
  4387 | D:4      | Found an iron altar of Okawaru.
  4740 | D:3      | Noticed Ijyb
  4781 | D:3      | Killed Ijyb
  4782 | D:3      | Reached XP level 7. HP: 43/57 MP: 7/7
  5143 | D:3      | Paralysed by Grinder for 5 turns
  5167 | D:3      | Paralysed by Grinder for 2 turns
  5169 | D:3      | Killed Grinder
  5170 | D:3      | Reached skill level 7 in Shields
  5362 | D:4      | Became a worshipper of Beogh the Brigand
  5996 | D:3      | Found a runed translucent door.
  5997 | D:3      | Noticed Crazy Yiuf
  6213 | D:3      | Killed Crazy Yiuf
  6609 | D:5      | Entered Level 5 of the Dungeon
  6768 | D:4      | Reached XP level 8. HP: 17/64 MP: 8/8
  7432 | D:5      | Reached * piety under Beogh
  7455 | D:5      | Found an ancient bone altar of Kikubaaqudgha.
  7474 | D:5      | Identified the +0 pair of gloves of Happiness {rPois Int+4}
  7556 | D:5      | Reached skill level 8 in Shields
  7880 | D:5      | Found a stormy altar of Qazlal.
  7916 | D:5      | Noticed a yak
  8253 | D:6      | Gained mutation: You are weak. (Str -2) [potion of
                  | mutation]
  8253 | D:6      | Gained mutation: You are frail. (-10% HP) [potion of
                  | mutation]
  8253 | D:6      | Gained mutation: You have sharp fingernails. [potion of
                  | mutation]
  8253 | D:6      | Gained mutation: You are agile. (Dex +2) [potion of
                  | mutation]
  8256 | D:6      | Found a staircase to the Ecumenical Temple.
  8383 | D:6      | Reached skill level 9 in Shields
  8428 | D:6      | Reached XP level 9. HP: 57/63 MP: 9/9
  8456 | D:6      | Found a sand-covered staircase.
  8466 | Ossuary  | Entered an ossuary
  8522 | Ossuary  | Reached ** piety under Beogh
  8839 | Ossuary  | Reached *** piety under Beogh
  9510 | D:6      | Found Poothruze's Book Emporium.
  9786 | D:5      | Reached skill level 10 in Shields
  9920 | D:5      | Found a radiant altar of Vehumet.
  9920 | D:5      | Found a sacrificial altar of Ru.
 10125 | D:7      | Identified the ring of the Twelve Beasts {rPois rC- rN+
                  | Will+ SInv}
 10345 | D:7      | Noticed Pikel
 10405 | D:6      | Mangled by Pikel

Illustrated notes

Levels and vault maps discovered:
D:1:      mainiacjoe_arrival_reflecting_pool, layout_basic
D:2:      layout_basic, uniq_jessica, uniq_terence
D:3:      cheibrodos_pilgrimage, layout_rooms, uniq_ijyb, uniq_grinder,
          uniq_crazy_yiuf_cottage
D:4:      layout_layer_cave, kennysheep_okawaru_gauntlet, minmay_cut_off
D:5:      layout_rooms, lemuel_coloured_pillars_altar,
          gammafunk_temple_overflow_statue, kiku_gazebo_garden_becter,
          minmay_between
D:6:      layout_basic, minmay_temple_entry_crystal_x, enter_ossuary_1,
          serial_shops, shop, nicolae_benzene_ring
D:7:      layout_loops_ring, serial_shops, shop_fountains, uniq_pikel

Skill      XL: |  1  2  3  4  5  6  7  8  9 |
---------------+----------------------------+-----
Long Blades    | 3 4 5 7 8 9 |  9.7
Shields        | 4 5 6 7 9 10 | 10.1
Fighting       | |  3.6
Armour         | |  3.2

Action                   |  1- 3 |  4- 6 |  7- 9 || total
-------------------------+-------+-------+-------++-------
Melee: Long sword        |   100 |   321 |   713 ||  1134
Invok: Convert to Beogh  |       |       |     1 ||     1
  Use: Scroll            |       |     4 |     8 ||    12
       Potion            |       |     1 |     4 ||     5
Armor: Scale mail        |     4 |       |       ||     4
       Plate armour      |    61 |   220 |   389 ||   670
Dodge: Dodged            |    16 |    52 |    93 ||   161
Block: Kite shield       |    54 |   195 |   396 ||   645
       Rpst.: Long sword |     6 |    18 |    28 ||    52

Table legend: (Time is in decaauts)
 A = Elapsed time spent in this place.
 B = Non-inter-level travel time spent in this place.
 C = Inter-level travel time spent in this place.
 D = Time resting spent in this place.
 E = Time spent auto-exploring this place.
 F = Levels seen in this place.
 G = Mean time per level.
                   A        B        C        D        E       F      G
               +--------+--------+--------+--------+--------+-----+--------+
         Total |  10636 |  10474 |    162 |   2364 |   5147 |   8 | 1329.5 |
       Dungeon |  10226 |  10064 |    162 |   2364 |   4971 |   7 | 1460.9 |
       Ossuary |    410 |    410 |      0 |      0 |    176 |   1 |  410.0 |
               +--------+--------+--------+--------+--------+-----+--------+

Top non-repeatable levels by time:
     D:4: 3093 daAuts
     D:2: 2289 daAuts
     D:3: 1546 daAuts
     D:6: 1213 daAuts
     D:5: 1127 daAuts
     D:1: 690 daAuts
 Ossuary: 410 daAuts
     D:7: 265 daAuts
